cohdb
Replays
Latest Replays
All Replays
Popular Replays
Top Player Replays
Match Explorer
How It Works
Community
CoH3 Stats
Reddit
Sign in to upload your games and track your stats! →
Sign in with Steam
Match 29420109
Unlisted
Match 29420109
Overview
Messages
Build Orders
End
Panzergrenadier Squad
Selects Italian Infantry
Panzergrenadier Squad
250 Light Carrier
Construct Light Support Kompanie
Combat Half-tracks
Fire Support Elements
Selects Guastatori Squad
Guastatori Squad
Guastatori Squad
Veteran Squad Leaders
Selects Registered Artillery
Construct Panzerarmee Kommand
Selects Towed Cannone da 105/28 Field Howitzer
Registered Artillery
Flak 36 Anti-tank Gun Team
Selects Sound the Alarm
Sound the Alarm
Panzer III L Medium Tank
Vehicle Survival Package
Registered Artillery
Walking Stuka Rocket Launcher
Selects Prepared Positions
Registered Artillery
Towed Cannone da 105/28 Field Howitzer
Selects Obice 305mm Barrage
Emergency Repair Kits
FoolishNinja
PoppaMies
RockingRuler
Nukepapa
0
0
Comments
sign in to comment!
No comments posted yet!